Map: Frost LE

Players

Vamo

  • Race: Terran Terran
  • League: Silver

GameToTheMax

  • Race: Terran Terran
  • League: Diamond

MeemoSaan

  • Race: Protoss Protoss
  • League: Diamond

Firestorm

  • Race: Protoss Protoss
  • League: Diamond

VOD

https://www.twitch.tv/gosu_pvp

Description

Just a warm up

Time

  • Played on: Aug. 28, 2016, 12:18 p.m.
  • Length: 12:48
Show
View Real Time Build Order
Export as new Build Order

Vamo Terran 

Build Orders: Reaper Expand 

Get SALT Encoding   

  12  0:01  SCV  
  13  0:13  SCV  
  14  0:18  Supply Depot  
  14  0:25  SCV  
  15  0:40  Barracks, SCV  
  16  0:44  Refinery  
  16  0:52  SCV  
  17  1:04  SCV  
  18  1:16  SCV  
  19  1:28  Reaper  
  19  1:29  Orbital Command  
  20  1:43  Command Center  
  20  1:53  Supply Depot  
  20  1:54  SCV  
  21  2:04  Factory  
  21  2:07  Marine  
  22  2:11  SCV  
  23  2:21  Refinery  
  23  2:24  Marine  
  24  2:32  SCV  
  25  2:44  Marine  
  25  2:48  Widow Mine  
  25  2:49  Starport  
  28  2:54  SCV  
  29  3:00  Orbital Command  
  29  3:02  Marine  
  30  3:06  SCV  
  31  3:13  Bunker  
  31  3:17  Widow Mine  
  31  3:18  SCV  
  34  3:23  Marine  
  34  3:25  SCV  
  36  3:30  SCV  
  36  3:33  Medivac  
  38  3:41  Supply Depot  
  38  3:42  SCV  
  39  3:49  Factory Tech Lab  
  39  3:54  Barracks Reactor  
  38  4:22  Cyclone  
  38  4:23  SCV x2  
  43  4:24  Liberator  
  43  4:27  Supply Depot  
  43  4:29  Supply Depot  
  42  4:39  SCV x2  
  47  4:47  Command Center  
  47  4:50  Barracks  
  47  4:51  SCV x2  
  47  4:52  Supply Depot  
  49  4:56  Barracks  
  41  5:23  SCV  
  41  5:24  SCV  
  41  5:27  Factory Reactor  
  43  5:36  SCV x2  
  43  5:40  Engineering Bay x2  
  43  5:42  Stimpack  
  45  5:44  Barracks Reactor  
  45  5:45  Starport Reactor  
  45  5:49  SCV x2  
  47  5:55  Marauder  
  47  6:00  Orbital Command, Barracks  
  47  6:01  SCV x2  
  49  6:04  Barracks  
  49  6:07  Missile Turret  
  49  6:09  Missile Turret  
  49  6:10  Missile Turret  
  49  6:11  Marine x2  
  50  6:15  Widow Mine x2  
  55  6:19  SCV x2  
  57  6:29  SCV  
  57  6:31  SCV x2  
  57  6:32  Marauder, Marine x2  
  62  6:33  Marine x2  
  62  6:35  Medivac  
  62  6:36  Medivac  
  70  6:42  SCV  
  70  6:43  SCV  
  71  6:50  Marine  
  72  7:11  Marauder, Marine x2  
  72  7:12  Barracks Tech Lab, Marine x2  
  72  7:13  Barracks Reactor  
  78  7:16  Supply Depot  
  78  7:17  Supply Depot, Terran Infantry Weapons Level 1, Terran Infantry Armor Level 1  
  78  7:18  Armory  
  78  7:21  SCV x3  
  81  7:24  Refinery x2  
  81  7:29  Widow Mine x2  
  85  7:33  SCV x3  
  88  7:38  Marauder x2, Marine x3  
  88  7:39  Marine  
  96  7:45  SCV x2  
  98  7:53  Marine x2  
  98  7:56  SCV, Marine  
  98  7:57  SCV x2  
  104  8:00  Marauder x2  
  108  8:09  Marine  
  109  8:14  Marine x2  
  109  8:15  Marine  
  109  8:18  Widow Mine  
  109  8:19  Medivac x2  
  108  8:20  Widow Mine  
  108  8:25  Marauder x2, Marine  
  109  9:01  Terran Vehicle And Ship Armor Level 1  
  109  9:02  Supply Depot  
  109  9:07  Supply Depot x3  
  109  9:20  Marine x2  
  109  9:23  Medivac, Marauder x2, Marine x2  
  117  9:28  Medivac, Marine x2  
  121  9:37  Marine x2  
  123  9:41  Marine x2  
  123  9:45  Marauder x2  
  129  9:46  Orbital Command, Marine  
  129  9:50  Marine  
  131  9:54  Supply Depot  
  131  9:55  Supply Depot, Marine  
  131  9:59  Terran Infantry Weapons Level 2, Terran Infantry Armor Level 2  
  124  10:00  SCV  
  124  10:01  SCV, Barracks  
  124  10:02  Barracks  
  124  10:03  Barracks  
  126  10:12  SCV  
  126  10:13  SCV  
  128  10:19  SCV  
  130  10:21  Marauder x2, Marine  
  130  10:22  Marine x3  
  130  10:24  SCV, Marine x2  
  130  10:25  SCV  
  140  10:38  Medivac x2  
  140  10:39  Widow Mine x2, Marine x3  
  140  10:40  SCV x3, Marine  
  157  10:43  Marauder  
  157  10:49  Supply Depot  
  157  10:50  Barracks Tech Lab  
  157  10:51  Supply Depot, Barracks Tech Lab  
  157  10:53  Marauder, SCV  
  157  10:55  Barracks Reactor  
  150  10:58  Marine x5  
  150  10:59  Marine  
  156  11:13  Liberator  
  156  11:21  Marauder  
  156  11:22  Marine x6, Marauder x3, Liberator  
  173  11:34  Supply Depot  
  173  11:35  Supply Depot  
  173  11:38  Widow Mine x2  
  180  11:40  Marine  
  180  11:47  Refinery x2  
  181  11:53  Command Center  
  181  11:57  Supply Depot, Marauder x4, Marine x2  
  181  11:58  Supply Depot, Marine x2  
Show
View Real Time Build Order
Export as new Build Order

GameToTheMax Terran 

Build Orders:  

Get SALT Encoding   

  12  0:01  Probe (Chrono Boost)  
  13  0:11  Probe (Chrono Boost)  
  14  0:17  Pylon  
  14  0:22  Probe (Chrono Boost)  
  15  0:36  Probe (Chrono Boost)  
  15  0:39  Gateway  
  16  0:46  Probe (Chrono Boost)  
  16  0:49  Assimilator  
  17  0:54  Assimilator  
  17  0:58  Probe (Chrono Boost)  
  18  1:08  Probe (Chrono Boost)  
  19  1:19  Probe (Chrono Boost)  
  20  1:27  Cybernetics Core  
  20  1:29  Probe (Chrono Boost)  
  20  1:30  Pylon  
  22  1:40  Probe (Chrono Boost)  
  22  1:50  Probe (Chrono Boost)  
  23  1:59  Warp Gate  
  24  2:06  Mothership Core (Chrono Boost), Adept  
  27  2:17  Twilight Council  
  27  2:24  Probe (Chrono Boost)  
  28  2:35  Probe (Chrono Boost)  
  29  2:42  Nexus  
  31  2:55  Pylon  
  30  3:00  Stalker  
  31  3:15  Probe (Chrono Boost)  
  31  3:16  Dark Shrine  
  33  3:27  Probe (Chrono Boost)  
  33  3:38  Blink  
  33  3:39  Probe (Chrono Boost)  
  34  3:52  Probe (Chrono Boost)  
  35  3:57  Gateway  
  35  3:59  Gateway  
  36  4:04  Probe (Chrono Boost), Robotics Facility  
  36  4:06  Probe (Chrono Boost)  
  37  4:20  Probe x2 (Chrono Boost)  
  40  4:31  Probe (Chrono Boost)  
  40  4:37  Probe (Chrono Boost)  
  39  4:41  Probe (Chrono Boost)  
  40  4:46  Dark Templar  
  40  4:49  Probe (Chrono Boost)  
  40  4:50  Pylon  
  40  4:52  Probe (Chrono Boost), Warp Prism  
  44  4:58  Stalker x2  
  51  5:00  Probe (Chrono Boost)  
  51  5:04  Probe (Chrono Boost)  
  52  5:11  Probe (Chrono Boost)  
  49  5:16  Probe (Chrono Boost)  
  50  5:21  Probe (Chrono Boost)  
  50  5:25  Observer  
  50  5:28  Probe (Chrono Boost)  
  53  5:30  Pylon  
  53  5:32  Probe (Chrono Boost)  
  52  5:40  Nexus, Probe (Chrono Boost)  
  53  5:42  Probe (Chrono Boost)  
  53  5:44  Pylon  
  53  5:52  Probe (Chrono Boost)  
  53  5:56  Dark Templar  
  53  5:57  Dark Templar  
  58  5:59  Assimilator, Probe (Chrono Boost)  
  58  6:01  Assimilator  
  59  6:06  Forge  
  61  6:11  Probe (Chrono Boost)  
  61  6:13  Probe (Chrono Boost)  
  61  6:22  Probe (Chrono Boost)  
  61  6:23  Gateway  
  61  6:24  Stalker  
  61  6:25  Probe (Chrono Boost)  
  65  6:26  Gateway  
  65  6:32  Probe (Chrono Boost), Gateway  
  66  6:38  Probe (Chrono Boost)  
  67  6:42  Gateway  
  67  6:43  Probe (Chrono Boost)  
  68  6:50  Probe (Chrono Boost)  
  68  6:51  Protoss Ground Weapons Level 1  
  68  6:53  Probe (Chrono Boost)  
  70  6:59  Probe (Chrono Boost)  
  72  7:02  Probe (Chrono Boost)  
  72  7:03  Stalker  
  72  7:04  Stalker x2  
  78  7:10  Templar Archives  
  78  7:12  Pylon  
  78  7:17  Probe (Chrono Boost), Observer  
  78  7:18  Probe (Chrono Boost)  
  82  7:23  Forge  
  82  7:24  Probe (Chrono Boost)  
  82  7:28  Pylon  
  82  7:30  Forge  
  82  7:31  Probe (Chrono Boost)  
  82  7:32  Probe (Chrono Boost)  
  82  7:36  Stalker  
  86  7:38  Pylon  
  86  7:40  Pylon  
  86  7:41  Protoss Ground Armor Level 1  
  86  7:43  Probe (Chrono Boost)  
  87  7:46  Psionic Storm  
  87  7:49  Stalker x2  
  91  7:52  Protoss Shields Level 1  
  91  7:57  Stalker  
  93  8:03  Probe x3 (Chrono Boost)  
  96  8:22  Stalker x5  
  96  8:23  Probe x3 (Chrono Boost)  
  106  8:35  Probe x3 (Chrono Boost)  
  106  8:39  Assimilator  
  106  8:40  Assimilator  
  106  8:45  Observer  
  106  8:47  Probe (Chrono Boost)  
  108  8:54  Nexus  
  108  8:55  Nexus, Pylon, High Templar  
  110  8:56  Pylon  
  110  8:57  High Templar  
  110  8:58  Pylon  
  110  9:01  Pylon  
  112  9:06  Stalker x2  
  112  9:08  Protoss Ground Weapons Level 2  
  116  9:13  Stalker  
  117  9:45  High Templar  
  119  9:48  Protoss Ground Armor Level 2  
  119  9:56  High Templar  
  121  10:06  Protoss Shields Level 2  
  119  10:16  Gateway  
  119  10:17  Gateway  
  119  10:29  Warp Prism  
  119  10:30  Stalker x2  
  119  10:34  Nexus  
  125  10:38  Pylon  
  125  10:40  Pylon  
  125  10:43  Stalker x3  
  125  10:44  Stalker  
  133  10:57  Pylon  
  133  10:59  Charge  
  134  11:05  Probe (Chrono Boost), Observer  
  135  11:17  Pylon, Probe (Chrono Boost)  
  136  11:24  Stalker x4  
  144  11:29  Probe (Chrono Boost)  
  145  11:39  Photon Cannon  
  145  11:42  Photon Cannon  
  145  11:43  Stalker  
  145  11:44  Stalker x3  
  145  11:45  Photon Cannon, Stalker  
  155  11:53  Dark Templar x2  
  157  11:58  Stalker  
  159  12:01  Nexus  
  159  12:02  Pylon  
  159  12:04  Pylon  
  155  12:20  Adept x3  
  155  12:31  Zealot x6  
  161  12:40  Archon  
  161  12:41  Archon  
Show
View Real Time Build Order
Export as new Build Order

MeemoSaan Protoss 

Build Orders:  

Get SALT Encoding   

Show
View Real Time Build Order
Export as new Build Order

Firestorm Protoss 

Build Orders:  

Get SALT Encoding   

Tags
 
Add a new tag
Caveats
  • Supply blocks, unpowered buildings, or Contaminate may cause inaccurate times.
  • Supply counts are checked every 10 seconds.